 Dungeon Crawl Stone Soup version 0.26-a0-646-g5d7718319a (webtiles) character file.

Game seed: 12368844502671665605

12543 DogServant the Agent of Entropy (level 11, 0/84 HPs)
             Began as a Demonspawn Abyssal Knight on Sept 24, 2020.
             Was a Priest of Lugonu.
             Slain by a cyan ugly thing (16 damage)
             ... on level 15 of the Dungeon.
             The game lasted 00:39:16 (15020 turns).

DogServant the Agent of Entropy (DsAK)             Turns: 15020, Time: 00:39:18

Health: 0/84       AC: 11    Str: 16    XL:     11   Next: 63%
Magic:  12/19      EV: 15    Int: 17    God:    Lugonu [***...]
Gold:   665        SH:  5    Dex: 14    Spells: 5/10 levels left

rFire    + . .     SeeInvis .   y - +7 great sword "Nike Yff" {flame, rF+ Str+2 Int+3}
rCold    + + .     Faith    .   (shield currently unavailable)
rNeg     . . .     Spirit   .   f - quicksilver dragon scales
rPois    .         Reflect  +   (helmet unavailable)
rElec    .         Harm     .   (no cloak)
rCorr    .         Rampage  .   (no gloves)
MR       +....                  (no boots)
Stlth    +.........             z - amulet of reflection
HPRegen  0.24/turn              v - ring of protection from cold
MPRegen  0.16/turn              (no ring)

@: no status effects
A: claws 2, horns 3, talons 1, cold resistance 1
a: Depart the Abyss, Bend Space, Banish, Renounce Religion


You were on level 15 of the Dungeon.
You worshipped Lugonu.
Lugonu was most pleased with you.
You visited 1 branch of the dungeon, and saw 15 of its levels.
You visited the Abyss 1 time.

You collected 665 gold pieces.

Inventory:

Hand Weapons
 a - a +2 falchion
 q - a +4 great sword
 y - the +7 great sword "Nike Yff" (weapon) {flame, rF+ Str+2 Int+3}
   (You found it on level 10 of the Dungeon)

   It has been specially enchanted to burn those struck by it, causing extra
   injury to most foes and up to half again as much damage against particularly
   susceptible opponents.
   Big, fiery blades are also staple armaments of hydra-hunters.
   It affects your strength (+2).
   It affects your intelligence (+3).
   It protects you from fire.
Missiles
 w - 36 poisoned darts (quivered)
Armour
 e - a +2 chain mail of positive energy
 f - quicksilver dragon scales (worn)
 g - a +0 pair of gloves
Jewellery
 r - an uncursed amulet of the acrobat
 v - a ring of protection from cold (left claw)
 z - an amulet of reflection (around neck)
 H - a +4 ring of evasion {unknown}
Wands
 i - a wand of paralysis (17)
 k - a wand of disintegration (12)
 p - a wand of flame (11)
 G - a wand of random effects (11)
 I - a wand of iceblast (10)
Scrolls
 b - a scroll of enchant weapon
 d - 8 scrolls of identify
 h - 7 scrolls of amnesia
 j - 4 scrolls of remove curse
 l - a scroll of magic mapping
 n - 5 scrolls of teleportation
 s - 2 scrolls of enchant armour
 x - a scroll of fear {unknown}
 A - a scroll of fog
 B - a scroll of holy word {unknown}
 E - a scroll of torment {unknown}
Potions
 c - a potion of resistance
 m - 3 potions of degeneration
 o - 3 potions of flight
 t - a potion of haste
 u - a potion of brilliance
 C - a potion of cancellation {unknown}
 D - a potion of mutation {unknown}
 F - a potion of might {unknown}


   Skills:
 + Level 7.1 Fighting
 + Level 8.5 Long Blades
 - Level 5.2 Armour
 + Level 7.6 Dodging
 - Level 3.0 Transmutations
 + Level 11.8 Invocations
 + Level 6.1 Evocations


You had 5 spell levels left.
You knew the following spells:

 Your Spells              Type           Power        Failure   Level
a - Wereblood             Tmut           ##......     19%         2
b - Vampiric Draining     Necr           #.........   77%         3

Your spell library contained the following spells:

 Spells                   Type           Power        Failure   Level
 Beastly Appendage        Tmut           ##....       12%         1
 Animate Skeleton         Necr           #.....       38%         1
 Corona                   Hex            #......      38%         1
 Pain                     Necr           #...         38%         1
 Ensorcelled Hibernation  Hex/Ice        #.....       54%         2
 Spider Form              Tmut/Pois      #.........   56%         3
 Confusing Touch          Hex            #.......     77%         3
 Dazzling Flash           Conj/Hex       #.....       77%         3
 Tukima's Dance           Hex            #.......     77%         3
 Ice Form                 Ice/Tmut       #.......     92%         4
 Blade Hands              Tmut           ##........   98%         5
 Animate Dead             Necr           #.........   99%         4
 Agony                    Necr           #.......     100%        5


Dungeon Overview and Level Annotations

Branches:
Dungeon (15/15)            Temple (0/1) D:4            Lair (0/6) D:10
    Orc (0/2) D:9
 Vaults: D:13-14     Depths: D:15

Altars:
Cheibriados
Dithmenos
Gozag
Kikubaaqudgha
Okawaru
Ru
Trog
Uskayaw
Vehumet
Wu Jian
The Shining One

Annotations:
D:7 2 transporters, smajdalf's ghost, novice TeAE
D:11 3 runed translucent doors, Migumi's ghost, journeyman TrTm
Abyss:1 Sigmund


Innate Abilities, Weirdness & Mutations

You have very sharp fingernails.
You have a pair of large horns on your head.
You have sharp toenails.
Your flesh is cold resistant. (rC+)


Message History

There is a stone staircase leading up here.
Press: ? - help, Shift-Dir - straight line, f - manticore
Aim: a manticore (moderately wounded, chance to defeat MR: 76%)
The manticore is devoured by a tear in reality.
Lugonu claims a new guest.
A cyan ugly thing comes into view. 3 skeletal warriors come into view.
There is a stone staircase leading down here.
The cyan ugly thing closely misses you.
The cyan ugly thing basks in the mutagenic energy from its kin and changes!
You climb downwards.
There is a stone staircase leading up here.
Press: ? - help, Shift-Dir - straight line, f - cyan ugly thing
Aim: a cyan ugly thing (chance to defeat MR: 76%)
The cyan ugly thing barely resists.
You can no longer corrupt the fabric of space.
The cyan ugly thing punches you.
* * * LOW HITPOINT WARNING * * *
The cyan ugly thing shocks you!
You die...

#....#
#....#
#....#
#....#
#....#
#....#
#....#
#∩..@#
#...u#
#....#
#.....
#.....
#......
#....##
#....#


You could see a cyan ugly thing.

Vanquished Creatures
  Snorg (D:10)
  A two-headed ogre (D:9)
  A centaur warrior (D:12)
  Sonja (D:10)
  Pikel (D:5)
  A manticore (D:11)
  2 centaur skeletons
  2 trolls
  2 hornets
  A hippogriff (D:8)
  A wyvern (D:11)
  Grum (D:9)
  A wraith (D:12)
  4 vampire mosquitoes (D:13)
  A soldier ant (D:11)
  3 orc warriors
  4 sky beasts
  4 phantoms
  2 ice beasts (D:6)
  An eye of draining (D:12)
  A black bear (D:6)
  9 centaurs
  4 wolves (D:9)
  4 ogres
  A big kobold (D:9)
  7 bullfrogs
  3 scorpions
  6 wights
  4 killer bees (D:9)
  5 howler monkeys
  2 centaur zombies
  A quasit (D:7)
  2 jellies
  3 orc priests
  7 hounds
  10 orc wizards
  A bullfrog skeleton (D:5)
  2 iguanas
  10 worker ants
  A hound zombie (D:9)
  2 hound skeletons
  3 gnolls (D:4)
  17 adders
  2 white imps
  An ufetubus (D:6)
  An ooze (D:1)
  An adder zombie (D:6)
  2 adder skeletons
  A dart slug (D:3)
  3 worms
  8 leopard geckos
  41 orcs
  3 ball pythons
  7 giant cockroaches
  5 hobgoblins
  20 jackals
  6 kobolds
  8 quokkas
  6 bats
  4 frilled lizards
  A giant cockroach zombie (D:6)
  5 goblins
  A jackal skeleton (D:4)
  2 quokka skeletons
  9 rats
277 creatures vanquished.

Vanquished Creatures (others)
  An ugly thing (D:13)
  6 fungi (D:10)
  9 plants
16 creatures vanquished.

Grand Total: 293 creatures vanquished

Notes
Turn   | Place    | Note
-------+----------+-------------------------------------------
     0 | Abyss:1  | DogServant the Demonspawn Abyssal Knight began the quest
                  | for the Orb.
     0 | Abyss:1  | Reached XP level 1. HP: 18/18 MP: 2/2
     0 | D:1      | Escaped the Abyss
   298 | D:1      | Reached * piety under Lugonu
   302 | D:1      | Gained mutation: You have sharp toenails. [demonic
                  | ancestry]
   302 | D:1      | Reached XP level 2. HP: 20/24 MP: 4/4
   322 | D:1      | Reached skill level 3 in Invocations
   610 | D:1      | Gained mutation: You have a pair of small horns on your
                  | head. [demonic ancestry]
   610 | D:1      | Reached XP level 3. HP: 29/29 MP: 5/5
  1000 | D:2      | Gained mutation: You have sharp fingernails. [demonic
                  | ancestry]
  1000 | D:2      | Reached XP level 4. HP: 35/35 MP: 6/6
  1479 | D:2      | Reached ** piety under Lugonu
  1729 | D:3      | Reached skill level 4 in Invocations
  1760 | D:3      | Found a faded altar of an unknown god.
  1760 | D:3      | Found an opulent altar of Gozag.
  1781 | D:3      | Found an ancient bone altar of Kikubaaqudgha.
  1783 | D:3      | Found a sacrificial altar of Ru.
  1785 | D:3      | Found a faded altar of an unknown god.
  1885 | D:3      | Noticed a bullfrog
  1912 | D:3      | Killed a bullfrog
  1912 | D:3      | Reached XP level 5. HP: 4/41 MP: 3/8
  1932 | D:3      | HP: 2/41 [leopard gecko (3)]
  2357 | D:3      | Found a hide-covered altar of Uskayaw.
  2362 | D:3      | Found a shadowy altar of Dithmenos.
  2546 | D:3      | You fall into a shaft and drop 3 floors!
  2636 | D:6      | Reached skill level 5 in Invocations
  2706 | D:6      | Noticed an ogre
  2725 | D:6      | Killed an ogre
  2725 | D:6      | Reached XP level 6. HP: 29/47 MP: 8/10
  2989 | D:6      | Noticed an ice beast
  3006 | D:6      | Reached skill level 1 in Dodging
  3018 | D:5      | Entered Level 5 of the Dungeon
  3136 | D:5      | Noticed Pikel
  3176 | D:5      | Killed Pikel
  3176 | D:5      | Reached skill level 6 in Invocations
  3176 | D:5      | Gained mutation: You have a pair of horns on your head.
                  | [demonic ancestry]
  3176 | D:5      | Reached XP level 7. HP: 16/52 MP: 9/12
  3204 | D:6      | Found a snail-covered altar of Cheibriados.
  3613 | D:7      | Found a transporter.
  3613 | D:7      | Noticed a moth of wrath
  3649 | D:7      | Reached XP level 8. HP: 46/58 MP: 13/13
  3652 | D:7      | Reached skill level 5 in Long Blades
  3652 | D:7      | Reached skill level 7 in Invocations
  3701 | D:7      | Found a transporter.
  3722 | D:6      | Reached skill level 5 in Armour
  3725 | D:6      | Reached *** piety under Lugonu
  4501 | D:5      | Found a glowing golden altar of the Shining One.
  4951 | D:5      | Reached skill level 1 in Evocations
  4958 | D:5      | Reached skill level 8 in Invocations
  5527 | D:4      | Found a staircase to the Ecumenical Temple.
  5585 | D:4      | You fall into a shaft and drop 1 floor!
  6020 | D:4      | Gained mutation: Your flesh is cold resistant. (rC+)
                  | [demonic ancestry]
  6020 | D:4      | Reached XP level 9. HP: 43/65 MP: 15/15
  6686 | D:4      | Noticed Sigmund
  6687 | D:4      | Banished Sigmund
  7162 | D:7      | Found a bloodstained altar of Trog.
  7168 | D:7      | Noticed a two-headed ogre
  7209 | D:7      | Noticed smajdalf's ghost (novice TeAE)
  7335 | D:7      | Reached **** piety under Lugonu
  7345 | D:7      | Identified the +2 leather armour "Ruazxaf" {rF+}
  7358 | D:7      | Reached skill level 9 in Invocations
  7851 | D:6      | Reached skill level 5 in Dodging
  9408 | D:8      | Found an ornate altar of the Wu Jian Council.
  9566 | D:8      | Learned a level 2 spell: Wereblood
 10138 | D:8      | Found a radiant altar of Vehumet.
 10161 | D:8      | Reached skill level 1 in Transmutations
 10431 | D:9      | HP: 3/66 [poisoned by a killer bee]
 10436 | D:9      | Gained mutation: You have a pair of large horns on your
                  | head. [demonic ancestry]
 10436 | D:9      | Reached XP level 10. HP: 2/73 MP: 17/17
 10436 | D:9      | HP: 1/73 [poisoned by a killer bee]
 10441 | D:9      | HP: 2/109 [poisoned by a killer bee]
 10448 | D:9      | HP: 2/109 [poisoned by a killer bee]
 10456 | D:9      | HP: 2/109 [poisoned by a killer bee]
 10469 | D:9      | HP: 4/109 [quokka (1)]
 11026 | D:9      | Found a staircase to the Orcish Mines.
 11201 | D:9      | Reached skill level 10 in Invocations
 11247 | D:9      | Noticed a two-headed ogre
 11255 | D:9      | Killed a two-headed ogre
 11255 | D:9      | Reached skill level 5 in Fighting
 11551 | D:9      | Found an iron altar of Okawaru.
 11685 | D:9      | Noticed Grum
 11702 | D:9      | Killed Grum
 11710 | D:9      | Learned a level 3 spell: Vampiric Draining
 11813 | D:9      | Paralysed by a hornet for 1 turns
 12055 | D:10     | Entered Level 10 of the Dungeon
 12089 | D:10     | Noticed Sonja
 12098 | D:10     | Killed Sonja
 12114 | D:10     | Got an ancient great sword
 12115 | D:10     | Identified the +7 great sword "Nike Yff" {flame, rF+ Str+2
                  | Int+3} (You found it on level 10 of the Dungeon)
 12119 | D:10     | Found an opulent altar of Gozag.
 12249 | D:10     | Noticed Snorg
 12296 | D:10     | Found a staircase to the Lair.
 12322 | D:10     | Reached skill level 11 in Invocations
 12357 | D:10     | Gained mutation: You have very sharp fingernails. [demonic
                  | ancestry]
 12357 | D:10     | Reached XP level 11. HP: 81/81 MP: 19/19
 12474 | D:10     | Killed Snorg
 12474 | D:10     | Reached skill level 5 in Evocations
 13010 | D:11     | Found a shadowy altar of Dithmenos.
 13292 | D:11     | Found a runed translucent gate.
 13293 | D:11     | Found a runed translucent gate.
 13293 | D:11     | Noticed Migumi's ghost (journeyman TrTm)
 13295 | D:11     | Found a runed translucent gate.
 13490 | D:11     | Noticed a ten-headed hydra
 13841 | D:12     | Noticed a centaur warrior
 13844 | D:12     | Killed a centaur warrior
 14866 | D:13     | Killed a cyan ugly thing
 14999 | D:13     | Noticed a centaur warrior
 15013 | D:14     | Noticed a cyan ugly thing
 15013 | D:14     | Noticed a cyan ugly thing
 15013 | D:14     | Noticed a cyan ugly thing
 15013 | D:14     | Noticed a skeletal warrior
 15014 | D:14     | Noticed a cyan ugly thing
 15015 | D:14     | Noticed a skeletal warrior
 15015 | D:14     | Noticed a skeletal warrior
 15015 | D:14     | Noticed a skeletal warrior
 15019 | D:15     | Entered Level 15 of the Dungeon
 15020 | D:15     | Slain by a cyan ugly thing

Illustrated notes

Levels and vault maps discovered:
D:1:      saegor_arrival_simple_d, layout_basic, minmay_misc_feat_nine_boxes
D:2:      layout_loops_cross, grunt_ministairs_1
D:3:      layout_loops_ring, chequers_temple_overflow_minitemple, minitemple,
          hex_medium
D:4:      layout_basic, minmay_temple_entry_tees, minmay_quantized, uniq_sigmund
D:5:      layout_gridville, old_standard_altar, portal_sewer_entry_d, uniq_pikel
D:6:      layout_gridville, cheibriados_altar_1
D:7:      layout_loops_ring, gammafunk_ghost_wrathful_warriors
D:8:      layout_loops_ring, lemuel_round_altar, enter_bailey_8,
          vehumet_altar_wand_db
D:9:      layout_roguey, lemuel_crystal_altar, orc_0_dummy, uniq_grum
D:10:     layout_rooms, grunt_lair_entry_orc_guard_hut, basic_altar, uniq_snorg,
          uniq_sonja
D:11:     layout_basic, gammafunk_ghost_hydra_chop, grunt_dithmenos_smoke
D:12:     layout_basic
D:13:     orc_temple, layout_basic, uniq_azrael, uniq_rupert
D:14:     layout_basic, erik_vaults_2, hangedman_abyss_or_decor_stagger
D:15:     hangedman_depths_entry_civil_slaughter, layout_gridville,
          abandoned_shop, nicolae_gozag_seed_capital

Skill      XL: |  1  2  3  4  5  6  7  8  9 10 11 |
---------------+----------------------------------+-----
Long Blades    | 2 3 4 5 6 7 8 |  8.5
Armour         | 2 3 4 5 |  5.2
Invocations    | 3 4 5 6 8 9 11 | 11.8
Dodging        | 2 3 4 5 6 7 |  7.6
Evocations     | 2 4 6 |  6.1
Fighting       | 4 6 7 |  7.1
Transmutations | 1 3 |  3.0

Action                   |  1- 3 |  4- 6 |  7- 9 | 10-12 || total
-------------------------+-------+-------+-------+-------++-------
Melee: Falchion          |    80 |   147 |   422 |    37 ||   686
       Kick              |    10 |    39 |   132 |    79 ||   260
       Headbutt          |     3 |    23 |    95 |    41 ||   162
       Great sword       |       |       |       |   195 ||   195
Invok: Depart the Abyss  |     1 |       |       |       ||     1
       Bend Space        |       |    11 |    14 |       ||    25
       Banish            |       |       |     5 |     7 ||    12
Evoke: Wand              |       |     6 |     7 |    13 ||    26
  Use: Scroll            |     1 |    10 |    12 |     1 ||    24
       Potion            |       |       |     1 |     1 ||     2
 Stab: Paralysed         |       |       |       |     9 ||     9
Armor: Leather armour    |     2 |       |       |       ||     2
       Chain mail        |    17 |       |       |       ||    17
       Quicksilver drago |    21 |    92 |   200 |    94 ||   407
       Skin              |       |       |       |     5 ||     5
Dodge: Dodged            |    48 |    99 |   347 |   238 ||   732
Block: Other             |       |       |       |     6 ||     6
       Reflection        |       |       |       |     1 ||     1
       Rpst.: Falchion   |    14 |    27 |    86 |     8 ||   135
       Great sword       |       |       |       |    47 ||    47

Table legend: (Time is in decaauts)
 A = Elapsed time spent in this place.
 B = Non-inter-level travel time spent in this place.
 C = Inter-level travel time spent in this place.
 D = Time resting spent in this place.
 E = Time spent auto-exploring this place.
 F = Levels seen in this place.
 G = Mean time per level.
                   A        B        C        D        E       F      G
               +--------+--------+--------+--------+--------+-----+--------+
         Total |  15143 |  14309 |    834 |   4184 |   7576 |  16 |  946.4 |
       Dungeon |  15143 |  14309 |    834 |   4184 |   7576 |  15 | 1009.5 |
         Abyss |      0 |      0 |      0 |      0 |      0 |   1 |    0.0 |
               +--------+--------+--------+--------+--------+-----+--------+

Top non-repeatable levels by time:
     D:7: 1864 daAuts
     D:9: 1705 daAuts
     D:6: 1672 daAuts
     D:8: 1520 daAuts
     D:5: 1286 daAuts
     D:3: 1220 daAuts
     D:4: 1200 daAuts
     D:1: 936 daAuts
    D:11: 922 daAuts
    D:12: 842 daAuts
     D:2: 753 daAuts
    D:10: 751 daAuts
    D:13: 461 daAuts
    D:14: 5 daAuts
    D:15: 0 daAuts
